TOP OF THE 1ST |
Springfield Cardinals batting - Pitching for Jacksonville Suns : RHP Carlos Guerrero
|
Pitching: RHP Carlos Guerrero
|
|
Batting: RHB Jeff Long
|
0-0: Called Strike 0-1: Ball 1-1: Ball 2-1: Ground out 1-3 (Groundball, 13S, EV 68.1 MPH)
|
Batting: LHB Angelo Vasquez
|
0-0: Called Strike 0-1: Foul Ball, location: 2F 0-2: Hit by Pitch
|
Batting: LHB Travis Ruppel
|
0-0: Swinging Strike 0-1: Ball 1-1: Ball 2-1: Ball 3-1: Foul Ball, location: 2F 3-2: Base on Balls Angelo Vasquez to second
|
Batting: RHB Pablo Nunez
|
0-0: Ball 1-0: Ball 2-0: SINGLE (Line Drive, 78S, EV 97.5 MPH) Angelo Vasquez to third Travis Ruppel to second
|
Batting: RHB McGwire Jones
|
0-0: Called Strike 0-1: Grounds into double play, 5-4-3 (Groundball, 56, EV 81.9 MPH)
|
Top of the 1st over - 0 runs, 1 hit, 0 errors, 2 left on base; Springfield 0 - Jacksonville 0 |
BOTTOM OF THE 1ST |
Jacksonville Suns batting - Pitching for Springfield Cardinals : LHP Kazuo Nishihara
|
Pitching: LHP Kazuo Nishihara
|
|
Batting: RHB Akira Suzuki
|
0-0: Called Strike 0-1: Ball 1-1: Ball 2-1: Ball 3-1: Fly out, F9 (Line Drive, 9D, EV 94.4 MPH)
|
Batting: RHB Jack Power
|
0-0: Called Strike 0-1: Hit by Pitch
|
Batting: RHB Torquato Obawole
|
0-0: Ball 1-0: Ball 2-0: Ball 3-0: Called Strike 3-1: Foul Ball, location: 2F 3-2: Base on Balls Jack Power to second
|
Batting: RHB Len Graham
|
0-0: Foul Ball, location: 2F 0-1: Ball 1-1: Fielders Choice at 2nd, 1-6 (Groundball, 13S, EV 70.0 MPH) Jack Power to third
|
Batting: LHB Dong-u Chang
|
0-0: Swinging Strike 0-1: Foul Ball, location: 2F 0-2: Ball 1-2: Ball 2-2: Strikes out looking
|
Bottom of the 1st over - 0 runs, 0 hits, 0 errors, 2 left on base; Springfield 0 - Jacksonville 0 |
TOP OF THE 2ND |
Springfield Cardinals batting - Pitching for Jacksonville Suns : RHP Carlos Guerrero
|
Batting: RHB Tommy Boudreaux
|
0-0: Ball 1-0: Called Strike 1-1: Ground out 4-3 (Groundball, 4, EV 108.1 MPH)
|
Batting: RHB Fortunato Fteira
|
0-0: Ball 1-0: Ball 2-0: Ball 3-0: Fly out, F7 (Flyball, 78D, EV 95.0 MPH)
|
Batting: RHB Kalidas Mishra
|
0-0: Called Strike 0-1: Swinging Strike 0-2: Ball 1-2: Strikes out swinging
|
Top of the 2nd over - 0 runs, 0 hits, 0 errors, 0 left on base; Springfield 0 - Jacksonville 0 |
BOTTOM OF THE 2ND |
Jacksonville Suns batting - Pitching for Springfield Cardinals : LHP Kazuo Nishihara
|
Batting: RHB Reomel Somera
|
0-0: Called Strike 0-1: Ball 1-1: Ball 2-1: DOUBLE (Line Drive, 89D, EV 113.1 MPH)
|
Batting: LHB Orlando Rivera
|
0-0: Ball 1-0: Ball 2-0: Ground out 4-3 (Groundball, 34, EV 103.1 MPH) Reomel Somera to third
|
Batting: RHB Chris Alft
|
0-0: Called Strike 0-1: Foul Ball, location: 2F 0-2: Foul Ball, location: 2F 0-2: SINGLE (Groundball, 56D, EV 103.8 MPH) Reomel Somera scores
|
Batting: LHB Emilio Cordero
|
0-0: Called Strike 0-1: Ball 1-1: Called Strike 1-2: Ball 2-2: Foul Ball, location: 2F 2-2: Strikes out swinging
|
Batting: RHB Akira Suzuki
|
0-0: Ball 1-0: Reached on error, E3 (Groundball, 34, EV 97.5 MPH) Chris Alft to third
|
Batting: RHB Jack Power
|
0-0: Fly out, F8 (Flyball, 8RD, EV 88.1 MPH)
|
Bottom of the 2nd over - 1 run, 2 hits, 1 error, 2 left on base; Springfield 0 - Jacksonville 1 |
TOP OF THE 3RD |
Springfield Cardinals batting - Pitching for Jacksonville Suns : RHP Carlos Guerrero
|
Batting: RHB Juan Martinez
|
0-0: Ball 1-0: Ground out 6-3 (Groundball, 6, EV 88.8 MPH)
|
Batting: RHB Jeff Long
|
0-0: Foul Ball, location: 2F 0-1: Called Strike 0-2: Fly out, F7 (Flyball, 78M, EV 81.2 MPH)
|
Batting: LHB Angelo Vasquez
|
0-0: Ball 1-0: Ball 2-0: SINGLE (Groundball, 4MD, EV 98.1 MPH)
|
Batting: LHB Travis Ruppel
|
0-0: Called Strike 0-1: Ball 1-1: Ball 2-1: Ball 3-1: Base on Balls Angelo Vasquez to second
|
Batting: RHB Pablo Nunez
|
0-0: Ball 1-0: Called Strike 1-1: Hit by Pitch Angelo Vasquez to third Travis Ruppel to second
|
Batting: RHB McGwire Jones
|
0-0: Swinging Strike 0-1: Ball 1-1: Ball 2-1: Foul Ball, location: 2F 2-2: Ball 3-2: Ground out 4-3 (Groundball, 6MS, EV 77.5 MPH)
|
Top of the 3rd over - 0 runs, 1 hit, 0 errors, 3 left on base; Springfield 0 - Jacksonville 1 |
BOTTOM OF THE 3RD |
Jacksonville Suns batting - Pitching for Springfield Cardinals : LHP Kazuo Nishihara
|
Batting: RHB Torquato Obawole
|
0-0: Called Strike 0-1: Ball 1-1: Called Strike 1-2: Foul Ball, location: 2F 1-2: Strikes out swinging
|
Batting: RHB Len Graham
|
0-0: Ball 1-0: Ball 2-0: Ball 3-0: Base on Balls
|
Batting: LHB Dong-u Chang
|
0-0: Foul Ball, location: 2F 0-1: Grounds into double play, 4-6-3 (Groundball, 4, EV 93.1 MPH)
|
Bottom of the 3rd over - 0 runs, 0 hits, 0 errors, 0 left on base; Springfield 0 - Jacksonville 1 |
TOP OF THE 4TH |
Springfield Cardinals batting - Pitching for Jacksonville Suns : RHP Carlos Guerrero
|
Batting: RHB Tommy Boudreaux
|
0-0: Ball 1-0: Ball 2-0: Ball 3-0: Base on Balls
|
Batting: RHB Fortunato Fteira
|
0-0: Ball 1-0: Ball 2-0: Ball 3-0: Called Strike 3-1: Swinging Strike 3-2: Strikes out looking
|
Batting: RHB Kalidas Mishra
|
0-0: Ball Tommy Boudreaux is caught stealing 2nd base 2-4 1-0: Ball 2-0: Ground out 6-3 (Groundball, 6, EV 102.5 MPH)
|
Top of the 4th over - 0 runs, 0 hits, 0 errors, 0 left on base; Springfield 0 - Jacksonville 1 |
BOTTOM OF THE 4TH |
Jacksonville Suns batting - Pitching for Springfield Cardinals : LHP Kazuo Nishihara
|
Batting: RHB Reomel Somera
|
0-0: Ball 1-0: Called Strike 1-1: Ball 2-1: Ground out 5-3 (Groundball, 56S, EV 76.9 MPH)
|
Batting: LHB Orlando Rivera
|
0-0: Ball 1-0: Swinging Strike 1-1: Ground out 6-3 (Groundball, 6, EV 106.2 MPH)
|
Batting: RHB Chris Alft
|
0-0: Ball 1-0: Ground out 5-3 (Groundball, 5L, EV 105.0 MPH)
|
Bottom of the 4th over - 0 runs, 0 hits, 0 errors, 0 left on base; Springfield 0 - Jacksonville 1 |
TOP OF THE 5TH |
Springfield Cardinals batting - Pitching for Jacksonville Suns : RHP Carlos Guerrero
|
Batting: RHB Juan Martinez
|
0-0: Foul Ball, location: 2F 0-1: Ball 1-1: Ball 2-1: Ball 3-1: Foul Ball, location: 2F 3-2: Base on Balls
|
Batting: RHB Jeff Long
|
0-0: Called Strike 0-1: Swinging Strike Juan Martinez is caught stealing 2nd base 2-4 0-2: Ball 1-2: Ball 2-2: Hit by Pitch
|
Batting: LHB Angelo Vasquez
|
0-0: Ball 1-0: Ball 2-0: Called Strike 2-1: Ball 3-1: Fly out, F8 (Line Drive, 78S, EV 97.5 MPH)
|
Pitching: RHP Dan Durand
|
|
Batting: LHB Travis Ruppel
|
0-0: Ball 1-0: Foul Ball, location: 2F 1-1: Called Strike Jeff Long steals 2nd, throwing error, E2 Jeff Long to third 1-2: SINGLE (Groundball, 34D, EV 104.4 MPH) Jeff Long scores
|
Batting: RHB Pablo Nunez
|
0-0: Ball 1-0: Ball 2-0: Called Strike 2-1: Ball 3-1: Base on Balls Travis Ruppel to second
|
Batting: RHB McGwire Jones
|
0-0: Foul Ball, location: 2F 0-1: Ball 1-1: SINGLE (Groundball, 56S, EV 75.6 MPH) (infield hit) Travis Ruppel to third Pablo Nunez to second
|
Batting: RHB Tommy Boudreaux
|
0-0: Called Strike 0-1: Ground out 4-3 (Groundball, 34, EV 84.4 MPH)
|
Top of the 5th over - 1 run, 2 hits, 1 error, 3 left on base; Springfield 1 - Jacksonville 1 |
BOTTOM OF THE 5TH |
Jacksonville Suns batting - Pitching for Springfield Cardinals : LHP Kazuo Nishihara
|
Batting: LHB Emilio Cordero
|
0-0: Called Strike 0-1: Ground out U3 (Groundball, 3, EV 103.1 MPH)
|
Batting: RHB Akira Suzuki
|
0-0: Ball 1-0: Called Strike 1-1: Ground out 5-3 (Groundball, 56, EV 83.8 MPH)
|
Batting: RHB Jack Power
|
0-0: Ball 1-0: Called Strike 1-1: Foul Ball, location: 2F 1-2: Ball 2-2: Foul Ball, location: 2F 2-2: Strikes out swinging
|
Bottom of the 5th over - 0 runs, 0 hits, 0 errors, 0 left on base; Springfield 1 - Jacksonville 1 |
TOP OF THE 6TH |
Springfield Cardinals batting - Pitching for Jacksonville Suns : RHP Dan Durand
|
Batting: RHB Fortunato Fteira
|
0-0: Ball 1-0: Called Strike 1-1: Ball 2-1: Called Strike 2-2: Ball 3-2: Foul Ball, location: 2F 3-2: SINGLE (Line Drive, 5D, EV 94.4 MPH)
|
Batting: RHB Kalidas Mishra
|
0-0: Ball 1-0: Foul Ball, location: 2F 1-1: Ball 2-1: Called Strike 2-2: Fly out, F7 (Flyball, 7S, EV 76.9 MPH)
|
Pitching: RHP Tim Sherrill
|
|
Batting: RHB Juan Martinez
|
0-0: Ball 1-0: Foul Ball, location: 2F 1-1: Ball 2-1: Called Strike Fortunato Fteira steals 2nd base 2-2: Strikes out swinging
|
Batting: RHB Jeff Long
|
0-0: Ball 1-0: Called Strike 1-1: Called Strike 1-2: Fly out, F8 (Flyball, 8RD, EV 89.4 MPH)
|
Top of the 6th over - 0 runs, 1 hit, 0 errors, 1 left on base; Springfield 1 - Jacksonville 1 |
BOTTOM OF THE 6TH |
Jacksonville Suns batting - Pitching for Springfield Cardinals : LHP Kazuo Nishihara
|
Batting: RHB Torquato Obawole
|
0-0: Ball 1-0: Swinging Strike 1-1: Foul Ball, location: 2F 1-2: Strikes out swinging
|
Batting: RHB Len Graham
|
0-0: Swinging Strike 0-1: Ground out U3 (Groundball, 3S, EV 89.4 MPH)
|
Batting: LHB Dong-u Chang
|
0-0: Called Strike 0-1: DOUBLE (Flyball, 78XD, EV 110.0 MPH)
|
Batting: RHB Reomel Somera
|
0-0: Intentional Walk
|
Batting: LHB Orlando Rivera
|
0-0: Called Strike 0-1: Ball 1-1: Ground out 1-3 (Groundball, 34S, EV 70.0 MPH)
|
Bottom of the 6th over - 0 runs, 1 hit, 0 errors, 2 left on base; Springfield 1 - Jacksonville 1 |
TOP OF THE 7TH |
Springfield Cardinals batting - Pitching for Jacksonville Suns : RHP Tim Sherrill
|
Batting: LHB Angelo Vasquez
|
0-0: Called Strike 0-1: Ball 1-1: Called Strike 1-2: Ball 2-2: Ball 3-2: Foul Ball, location: 2F 3-2: SOLO HOME RUN (Flyball, 9D, EV 95.6 MPH), Distance : 378 ft
|
Batting: LHB Travis Ruppel
|
0-0: Swinging Strike 0-1: Foul Ball, location: 2F 0-2: SINGLE (Line Drive, 7S, EV 86.2 MPH)
|
Batting: RHB Pablo Nunez
|
0-0: Ball 1-0: Ball 2-0: Swinging Strike 2-1: Ball 3-1: Base on Balls Travis Ruppel to second
|
Batting: RHB McGwire Jones
|
0-0: Ball 1-0: Ball 2-0: Ball Wild Pitch! Travis Ruppel to third Pablo Nunez to second 3-0: Intentional Walk
|
Batting: RHB Tommy Boudreaux
|
0-0: Foul Ball, location: 2F 0-1: SINGLE (Flyball, 6D, EV 94.4 MPH) Travis Ruppel scores Pablo Nunez to third McGwire Jones to second
|
Batting: RHB Fortunato Fteira
|
0-0: Ball 1-0: Called Strike 1-1: Foul Ball, location: 2F 1-2: Ball 2-2: Ball 3-2: Grounds into fielders choice 5-2 (Groundball, 5, EV 83.1 MPH) McGwire Jones to third Tommy Boudreaux to second
|
Pitching: RHP Mike Yorke
|
|
Batting: RHB Kalidas Mishra
|
0-0: Ball 1-0: Foul Ball, location: 2F 1-1: Ball 2-1: Grounds into fielders choice 4-2 (Groundball, 4M, EV 81.9 MPH) Tommy Boudreaux to third Fortunato Fteira to second
|
Batting: RHB Juan Martinez
|
0-0: Foul Ball, location: 2F 0-1: Fly out, F9 (Flyball, 9, EV 93.8 MPH)
|
Top of the 7th over - 2 runs, 3 hits, 0 errors, 3 left on base; Springfield 3 - Jacksonville 1 |
BOTTOM OF THE 7TH |
Jacksonville Suns batting - Pitching for Springfield Cardinals : LHP Kazuo Nishihara
|
Batting: RHB Chris Alft
|
0-0: Called Strike 0-1: Called Strike 0-2: Ball 1-2: Foul Ball, location: 2F 1-2: Foul Ball, location: 2F 1-2: Fly out, F9 (Line Drive, 89M, EV 90.6 MPH)
|
Batting: LHB Emilio Cordero
|
0-0: Ground out 2-3 (Groundball, 2L, EV 60.6 MPH)
|
Batting: RHB Akira Suzuki
|
0-0: Called Strike 0-1: Foul Ball, location: 2F 0-2: SINGLE (Line Drive, 4D, EV 109.4 MPH)
|
Batting: RHB Jack Power
|
0-0: Foul Ball, location: 2F 0-1: Ball 1-1: Ball 2-1: Ball 3-1: Called Strike 3-2: SINGLE (Line Drive, 89S, EV 88.8 MPH) Akira Suzuki to second Akira Suzuki to third
|
Batting: RHB Torquato Obawole
|
0-0: Ball 1-0: Ball 2-0: Ball 3-0: Base on Balls Jack Power to second
|
Batting: RHB Len Graham
|
0-0: Ball 1-0: Called Strike 1-1: Ball 2-1: Ball 3-1: Foul Ball, location: 2F 3-2: Foul Ball, location: 2F 3-2: Base on Balls Akira Suzuki scores Jack Power to third Torquato Obawole to second
|
Pitching: RHP Branden Maynard
|
|
Batting: LHB Dong-u Chang
|
0-0: Called Strike 0-1: Called Strike 0-2: Ball 1-2: Ball 2-2: Strikes out looking
|
Bottom of the 7th over - 1 run, 2 hits, 0 errors, 3 left on base; Springfield 3 - Jacksonville 2 |
TOP OF THE 8TH |
Springfield Cardinals batting - Pitching for Jacksonville Suns : RHP Mike Yorke
|
Batting: RHB Jeff Long
|
0-0: Ball 1-0: TRIPLE (Flyball, 78XD, EV 96.2 MPH)
|
Batting: LHB Angelo Vasquez
|
0-0: Ball 1-0: Called Strike 1-1: Ball 2-1: Called Strike 2-2: Foul Ball, location: 2F 2-2: Ball 3-2: Foul Ball, location: 2F 3-2: Base on Balls
|
Batting: LHB Travis Ruppel
|
0-0: Ball 1-0: 3-RUN HOME RUN (Flyball, 9LD, EV 96.9 MPH), Distance : 380 ft
|
Pitching: RHP Alberto Negrete
|
|
Batting: RHB Pablo Nunez
|
0-0: Swinging Strike 0-1: Foul Ball, location: 2F 0-2: Ball 1-2: Ball 2-2: Strikes out swinging
|
Batting: RHB McGwire Jones
|
0-0: Called Strike 0-1: Foul Ball, location: 2F 0-2: Ball 1-2: Ground out 5-3 (Groundball, 56, EV 90.0 MPH)
|
Batting: RHB Tommy Boudreaux
|
0-0: Called Strike 0-1: Ground out U3 (Groundball, 3, EV 111.2 MPH)
|
Top of the 8th over - 3 runs, 2 hits, 0 errors, 0 left on base; Springfield 6 - Jacksonville 2 |
BOTTOM OF THE 8TH |
Jacksonville Suns batting - Pitching for Springfield Cardinals : RHP Branden Maynard
|
Now at 1B: Davey Beeson
|
|
Batting: RHB Reomel Somera
|
0-0: Called Strike 0-1: SINGLE (Groundball, 6M, EV 90.0 MPH) (infield hit)
|
Batting: LHB Orlando Rivera
|
0-0: Ball 1-0: Called Strike 1-1: Foul Ball, location: 2F 1-2: Ground out 5-3 (Groundball, 6S, EV 68.8 MPH) Reomel Somera to second
|
Batting: RHB Chris Alft
|
0-0: Ball 1-0: Swinging Strike 1-1: DOUBLE (Flyball, 89XD, EV 90.0 MPH) Reomel Somera scores
|
Batting: LHB Emilio Cordero
|
0-0: Called Strike 0-1: Foul Ball, location: 2F 0-2: Ball 1-2: Strikes out swinging
|
Batting: RHB Akira Suzuki
|
0-0: Foul Ball, location: 2F 0-1: Foul Ball, location: 2F 0-2: Strikes out swinging
|
Bottom of the 8th over - 1 run, 2 hits, 0 errors, 1 left on base; Springfield 6 - Jacksonville 3 |
TOP OF THE 9TH |
Springfield Cardinals batting - Pitching for Jacksonville Suns : RHP Alberto Negrete
|
Pitching: RHP Cory Levine
|
|
Batting: RHB Fortunato Fteira
|
0-0: Ball 1-0: Ball 2-0: Called Strike 2-1: Ball 3-1: Called Strike 3-2: Strikes out swinging
|
Batting: RHB Kalidas Mishra
|
0-0: SINGLE (Groundball, 6D, EV 95.0 MPH)
|
Batting: RHB Juan Martinez
|
0-0: Foul Ball, location: 2F 0-1: Ball 1-1: Fly out, F9 (Flyball, 9D, EV 75.0 MPH)
|
Batting: RHB Jeff Long
|
0-0: Ball Kalidas Mishra steals 2nd base 1-0: Called Strike 1-1: DOUBLE (Flyball, 8LXD, EV 105.0 MPH) Kalidas Mishra scores
|
Batting: RHB Davey Beeson
|
0-0: Ball 1-0: Ball 2-0: Ground out 4-3 (Groundball, 4D, EV 107.5 MPH)
|
Top of the 9th over - 1 run, 2 hits, 0 errors, 1 left on base; Springfield 7 - Jacksonville 3 |
BOTTOM OF THE 9TH |
Jacksonville Suns batting - Pitching for Springfield Cardinals : RHP Branden Maynard
|
Pitching: LHP John Grinter
|
|
Batting: RHB Jack Power
|
0-0: Called Strike 0-1: Called Strike 0-2: Ball 1-2: Ball 2-2: Strikes out looking
|
Batting: RHB Torquato Obawole
|
0-0: Foul Ball, location: 2F 0-1: Ball 1-1: Ball 2-1: Foul Ball, location: 2F 2-2: Ball 3-2: Base on Balls
|
Batting: RHB Len Graham
|
0-0: Ball 1-0: Ball 2-0: Ball 3-0: Base on Balls Torquato Obawole to second
|
Batting: LHB Dong-u Chang
|
0-0: Ball 1-0: Called Strike 1-1: Ball 2-1: Called Strike 2-2: Fly out, F7 (Flyball, 78M, EV 75.0 MPH)
|
Batting: RHB Reomel Somera
|
0-0: Fly out, F4 (Popup, 34, EV 62.5 MPH)
|
Bottom of the 9th over - 0 runs, 0 hits, 0 errors, 2 left on base; Springfield 7 - Jacksonville 3 |
|